 Seeded DCSS version 0.29.1-15-g9cfb28693d (webtiles) character file.

Game seed: 72 (custom seed)

48 Psyclone the Conjurer (level 3, -9/19 HPs)
             Began as a Deep Elf Conjurer on Sept 24, 2023.
             Mangled by Crazy Yiuf
             ... wielding a +2 quarterstaff of chaos
              (16 damage)
             ... on level 2 of the Dungeon.
             The game lasted 00:01:54 (2090 turns).

Psyclone the Conjurer (Deep Elf Conjurer)           Turns: 2090, Time: 00:01:55

Health: -9/19      AC:  2    Str:  4    XL:     3   Next: 50%
Magic:  5/10       EV: 12    Int: 24    God:
Gold:   126        SH:  0    Dex: 13    Spells: 9/10 levels left

rFire   . . .      SeeInvis .   (no weapon)
rCold   . . .      Faith    .   (no shield)
rNeg    . . .      Spirit   .   a - +0 robe
rPois   .          Reflect  .   (no helmet)
rElec   .          Harm     .   (no cloak)
rCorr   .          Rampage  .   (no gloves)
Will    .....                   (no boots)
Stlth   ++........              (no amulet)
HPRegen 0.06/turn               (no ring)
MPRegen 0.12/turn               (no ring)

@: lethally poisoned (-9 -> -13)
A: no striking features
a: no special abilities


You were on level 2 of the Dungeon.
You visited 1 branch of the dungeon, and saw 2 of its levels.

You collected 126 gold pieces.

Inventory:

Armour
 a - a +0 robe (worn)
Scrolls
 e - a scroll of teleportation {unknown}
 g - a scroll of poison {unknown}
 h - 2 scrolls of identify {@r1}
Potions
 b - a potion of magic
 c - a potion of brilliance
 d - 2 potions of berserk rage {unknown}
 f - a potion of haste {unknown}
 i - a potion of curing
 k - a potion of attraction


   Skills:
 - Level 2.4 Dodging
 - Level 2.4 Stealth
 + Level 4.3 Spellcasting
 + Level 5.1 Conjurations


You had 9 spell levels left.
You knew the following spells:

 Your Spells              Type           Power      Damage    Failure   Level
a - Magic Dart            Conj           100%       1d8       1%          1

Your spell library contained the following spells:

 Spells                   Type           Power      Damage    Failure   Level
 Searing Ray              Conj           60%        2d6       1%          2
 Dazzling Flash           Conj/Hex       34%        N/A       10%         3
 Fulminant Prism          Conj/Hex       8%         3d7       32%         4
 Iskenderun's Mystic Bla  Conj/Tloc      17%        2d5       32%         4
 Freezing Cloud           Conj/Ice/Air   6%         6-21      78%         5
 Simulacrum               Ice/Necr       2%         N/A       100%        6
 Polar Vortex             Ice            2%         N/A       100%        9


Dungeon Overview and Level Annotations

Branches:
Dungeon (2/15) Zot: 9908

Altars:
The Shining One

Annotations:
D:2 Crazy Yiuf


Message History

You now have 9/10 mp.
Casting: Magic Dart (safe; 1% risk of failure)
Confirm with . or Enter, or press ? or * to list all spells.
Aiming: Magic Dart (safe; 1% risk of failure)
Press: ? - help, Shift-Dir - straight line, f/p - Crazy Yiuf
Aim: Crazy Yiuf, wielding a +2 quarterstaff of chaos and wearing a +1 cloak (lightly wounded, strong, 100% to hit)
The magic dart hits Crazy Yiuf.
Crazy Yiuf is lightly wounded.
Crazy Yiuf hits you with a +2 quarterstaff of chaos!
You are poisoned.
You take 8 damage, and have 11/19 hp.
MASSIVE DAMAGE!!
You now have 8/10 mp.
Casting: Magic Dart (safe; 1% risk of failure)
Confirm with . or Enter, or press ? or * to list all spells.
Aiming: Magic Dart (safe; 1% risk of failure)
Press: ? - help, Shift-Dir - straight line, f/p - Crazy Yiuf
Aim: Crazy Yiuf, wielding a +2 quarterstaff of chaos and wearing a +1 cloak (lightly wounded, strong, 100% to hit)
The magic dart hits Crazy Yiuf.
Crazy Yiuf is moderately wounded.
You feel sick. Crazy Yiuf barely misses you.
You take 2 damage, and have 9/19 hp.
You now have 7/10 mp.
Casting: Magic Dart (safe; 1% risk of failure)
Confirm with . or Enter, or press ? or * to list all spells.
Aiming: Magic Dart (safe; 1% risk of failure)
Press: ? - help, Shift-Dir - straight line, f/p - Crazy Yiuf
Aim: Crazy Yiuf, wielding a +2 quarterstaff of chaos and wearing a +1 cloak (moderately wounded, strong, 100% to hit)
The magic dart hits Crazy Yiuf.
Crazy Yiuf is heavily wounded.
You feel sick. Crazy Yiuf barely misses you.
You take 2 damage, and have 7/19 hp.
You now have 6/10 mp.
Casting: Magic Dart (safe; 1% risk of failure)
Confirm with . or Enter, or press ? or * to list all spells.
Aiming: Magic Dart (safe; 1% risk of failure)
Press: ? - help, Shift-Dir - straight line, f/p - Crazy Yiuf
Aim: Crazy Yiuf, wielding a +2 quarterstaff of chaos and wearing a +1 cloak (heavily wounded, strong, 100% to hit)
The magic dart hits Crazy Yiuf.
Crazy Yiuf is severely wounded.
You feel sick.
Crazy Yiuf hits you with a +2 quarterstaff of chaos!
Ouch! That really hurt!
You die...

.+....##.#.........#.##
.#....##.....#.....#.#
####......##'#######.#
.....######### ###
.##.....#
....###.#######
....###...P.#)### ###
.....##...PP.#).##)..#
............####@g)).#
......#....## ###.))#
........#### ###
....##### .......##
..##....#########
..........##....#
..#.......#..####
..##......#.##


You could see Crazy Yiuf (strong).

Vanquished Creatures
  An adder (D:2)
  A worm (D:2)
  A dart slug (D:1)
  3 ball pythons
  4 bats
  4 endoplasms
  A giant cockroach (D:1)
  3 goblins (D:2)
  4 hobgoblins
  2 kobolds (D:2)
  A quokka (D:2)
  2 frilled lizards (D:1)
  5 rats
32 creatures vanquished.

Notes
Turn   | Place    | Note
-------+----------+-------------------------------------------
     0 | D:1      | Psyclone the Deep Elf Conjurer began the quest for the Orb.
     0 | D:1      | Reached XP level 1. HP: 10/10 MP: 6/6
   147 | D:1      | Found a faded altar of an unknown god.
   249 | D:1      | Reached XP level 2. HP: 15/15 MP: 5/8
  1479 | D:2      | Reached XP level 3. HP: 19/19 MP: 5/10
  1544 | D:2      | Found a runed translucent door.
  1544 | D:2      | Identified the +4 hammer "Wawometz" {vorpal, Int+3 Dex-3
                  | Stlth+}
  1545 | D:2      | Noticed Crazy Yiuf
  1613 | D:2      | Reached skill level 5 in Conjurations
  1662 | D:2      | Found a glowing golden altar of the Shining One.
  2090 | D:2      | Mangled by Crazy Yiuf

Illustrated notes

Levels and vault maps discovered:
D:1:      enne_arrival_octagon_isle, layout_loops_ring,
          hellmonk_ecumenical_altar_run_dry, ebering_dispersal_statue_hall
D:2:      layout_basic, basic_altar, uniq_crazy_yiuf_cottage

Skill      XL: |  1  2  3 |
---------------+----------+-----
Spellcasting   | 4 |  4.3
Conjurations   | 5 |  5.1
Dodging        | |  2.4
Stealth        | |  2.4

Action                   || total
-------------------------++-------
 Cast: Magic Dart        ||    65
  Use: Scroll            ||     4
       Potion            ||     4
Armor: Robe              ||     1
Dodge: Dodged            ||     5
